 Dungeon Crawl Stone Soup version 0.22-a0-782-g038298e (webtiles) character file.

1471 Mgcat the Cleaver (level 8, -4/68 HPs)
             Began as a Purple Draconian Berserker on July 20, 2018.
             Was an Elder of Trog.
             Slain by a wight
             ... wielding a +5 morningstar of freezing
              (5 damage)
             ... on level 6 of the Dungeon.
             The game lasted 00:15:05 (4576 turns).

Mgcat the Cleaver (Purple Draconian Berserker)      Turns: 4576, Time: 00:15:06

Health: -4/68      AC:  6    Str: 21    XL:     8   Next: 49%
Magic:  8/8        EV: 12    Int:  8    God:    Trog [****..]
Gold:   222        SH:  4    Dex: 11    Spells: 7/7 levels left

rFire    . . .     SeeInvis .   a - +2 hand axe
rCold    . . .     Gourm    .   f - +1 buckler
rNeg     . . .     Faith    +   (armour unavailable)
rPois    .         Spirit   .   (helmet restricted)
rElec    .         Reflect  .   (no cloak)
rCorr    .         Harm     .   (no gloves)
MR       +....     Rnd*Tele +   (no boots)
Stlth    +.........             q - amulet of faith {Faith, !P}
HPRegen  0.21/turn              i - ring of teleportation (curse) {+/*tele, !d}
MPRegen  0.11/turn              (no ring)

@: berserk cooldown, slowed, drained, very slow
A: breathe power, unfitting armour, cold-blooded, AC +6
a: Breathe Dispelling Energy, Berserk, Trog's Hand, Brothers in Arms, Renounce
Religion


You were on level 6 of the Dungeon.
You worshipped Trog.
Trog was greatly pleased with you.
You were not hungry.

You visited 1 branch of the dungeon, and saw 6 of its levels.

You collected 222 gold pieces.

Inventory:

Hand Weapons
 a - a +2 hand axe (weapon)
 r - the +4 whip of the Little People {pain, *Drain Int+4}
   (You found it on level 4 of the Dungeon)

   In the hands of one skilled in necromantic magic, it inflicts extra damage on
   living creatures.
   It affects your intelligence (+4).
   It causes draining when unequipped.
Missiles
 t - 8 javelins (quivered)
 u - 3 tomahawks
Armour
 f - a +1 buckler (worn)
   (You found it on level 3 of the Dungeon)
Jewellery
 i - a cursed ring of teleportation (left hand) {+/*tele, !d}
   (You found it on level 1 of the Dungeon)
 q - an amulet of faith (around neck) {Faith, !P}
   (You found it on level 4 of the Dungeon)
 x - an uncursed amulet of magic regeneration {unknown}
   (You found it on level 6 of the Dungeon)
Scrolls
 h - 2 scrolls of teleportation
 l - a scroll of enchant weapon
 s - a scroll of blinking {unknown}
 v - a scroll of remove curse {unknown}
Potions
 c - a potion of ambrosia {unknown}
 d - a potion of agility {unknown}
 e - a potion of flight
 g - 3 potions of heal wounds
 j - a potion of brilliance {unknown}
 k - a potion of might
 m - a potion of resistance {unknown}
 n - a potion of cancellation {unknown}
 w - 2 potions of curing
Comestibles
 b - 8 rations
 o - 2 chunks of flesh {@w0}


   Skills:
 - Level 5.0(4.0) Fighting
 + Level 9.4(8.3) Axes
 - Level 5.0(4.0) Dodging


You had 7 spell levels left.
You didn't know any spells.
Your spell library was empty.

Dungeon Overview and Level Annotations

Branches:
Dungeon (6/15)
 Temple: D:4-7

Altars:
Cheibriados
Elyvilon
Gozag
Hepliaklqana
Makhleb
Nemelex Xobeh
Okawaru
Trog
Vehumet
Yredelemnul
The Shining One

Shops:
D:6 *


Innate Abilities, Weirdness & Mutations

You can breathe bolts of dispelling energy.
Your rich purple scales are hard. (AC +6)
You cannot fit into any form of body armour.
You are cold-blooded and may be slowed by cold attacks.


Message History

The orc priest is moderately wounded.
You hit the orc. You closely miss the orc.
The orc priest hits you but does no damage.
The orc barely misses you. The wight closely misses you.
The orc closely misses you.
A red film seems to cover your vision as you go berserk!
You feel yourself moving faster!
You feel mighty!
You are feeling very hungry.
The orc priest mumbles some strange prayers to Beogh against you.
Beogh smites you! The orc hits you with a club.
A wight comes into view. It is wielding a short sword.
The wight hits you from afar with a halberd!
The orc closely misses you.
You hit the orc priest.
You kill the orc priest!
Trog accepts your kill.
You hit the orc. You slash the orc!
You kill the orc!
Trog accepts your kill.
You closely miss the orc.
The orc is lightly wounded.
An orc comes into view. It is wielding a club.
The wight hits you from afar with a halberd!
You feel drained.
You see here a club.
You slash the orc priest!
The orc priest is heavily wounded.
You hit the orc.
The orc priest looks braver for a moment.
The wight misses you. You block the orc's attack.
You slash the orc priest!
You kill the orc priest!
Trog accepts your kill.
You hit the orc.
You kill the orc!
Trog accepts your kill. The wight hits you with a halberd!
You feel drained.
* * * LOW HITPOINT WARNING * * *
Items here: ))) [[ †† You barely miss the wight.
You slash the wight!
Your tail-slap misses the wight.
The wight is heavily damaged.
The wight closely misses you.
You hit the wight.
You destroy the wight!
Trog accepts your kill. The orc hits you with a club.
* * * LOW HITPOINT WARNING * * *
Things that are here:
a halberd; a robe You closely miss the orc.
A wight comes into view.
It is wielding a morningstar of freezing.
You slash the orc!
You kill the orc!
Trog accepts your kill.
You hit the wight. You tail-slap the wight!
The wight is almost destroyed.
You closely miss the wight.
The wight is almost destroyed.
The wight hits you with a short sword.
* * * LOW HITPOINT WARNING * * *
You feel drained.
You hit the wight.
You destroy the wight!
Trog accepts your kill.
Items here: ))) [[ †† You feel a strong urge to attack something.
You are no longer berserk.
You are exhausted.
You feel yourself slow down.
You see here a club.
As you read the scroll of teleportation, it crumbles to dust.
You feel strangely unstable.
Your surroundings suddenly seem different.
Eating one of 3 chunks of flesh {@w0}.
You eat one of the 3 chunks of flesh {@w0}.
This raw flesh tastes terrible.
You are suddenly yanked towards some nearby monsters!
Your surroundings suddenly seem different.
An orc comes into view. It is wielding a short sword.
You feel much better.
The wight hits you with a morningstar of freezing!
You feel as though you will be slow longer.
The wight freezes you.
* * * LOW HITPOINT WARNING * * *
The wight hits you with a morningstar of freezing.
* * * LOW HITPOINT WARNING * * *
You feel drained.
* * * LOW HITPOINT WARNING * * *
The wight freezes you.
* * * LOW HITPOINT WARNING * * *
The orc shouts!
You hit the wight.
The wight is lightly damaged.
A worker ant comes into view.
The wight hits you with a morningstar of freezing!
* * * LOW HITPOINT WARNING * * *
You feel as though you will be slow longer.
The wight freezes you.
You die...

.. .# #.# .#
. #..# .#
#z# . .#
#..##.# ...
. . ......
... # ..
#####..#.###
###
##..........
#.........#
##.....o..#
......z@..#
.........##
##...###.#
#.. #.# ...
#.# ## ..a
#.# #..


You could see a worker ant, a wight and an orc.

Vanquished Creatures
  Grinder (D:5)
  An orc warrior (D:6)
  A black bear (D:5)
  An ogre (D:4)
  A centaur (D:5)
  A scorpion (D:5)
  2 wights (D:6)
  2 howler monkeys
  3 crimson imps (D:5)
  A hound (D:5)
  3 orc wizards
  3 orc priests (D:6)
  3 iguanas
  4 worker ants
  A mummy (D:5)
  8 adders
  A shadow imp (D:5)
  8 oozes
  3 worms
  A dart slug (D:1)
  6 leopard geckos
  21 orcs
  3 ball pythons
  10 giant cockroaches
  3 goblins
  9 hobgoblins
  6 jackals
  2 quokkas (D:4)
  3 bats
  2 frilled lizards
  A hobgoblin zombie (D:5)
  2 jackal skeletons
  A jackal zombie (D:5)
  4 kobolds
  2 kobold zombies (D:5)
  An orc zombie (D:5)
  A quokka skeleton (D:5)
  4 rats
130 creatures vanquished.

Notes
Turn   | Place    | Note
-------+----------+-------------------------------------------
     0 | D:1      | Mgcat the Draconian Berserker began the quest for the Orb.
     0 | D:1      | Reached XP level 1. HP: 19/19 MP: 1/1
     1 | D:1      | Found a runed door.
    19 | D:1      | Reached XP level 2. HP: 26/26 MP: 2/2
    25 | D:1      | Reached skill level 3 in Dodging
    35 | D:1      | Reached XP level 3. HP: 31/33 MP: 3/3
   150 | D:1      | Reached ** piety under Trog
   206 | D:1      | Reached skill level 4 in Fighting
   557 | D:2      | Reached XP level 4. HP: 17/40 MP: 4/4
  1173 | D:3      | Found a radiant altar of Vehumet.
  1241 | D:3      | Found a glowing golden altar of the Shining One.
  1359 | D:3      | Reached skill level 4 in Axes
  1619 | D:3      | Found a snail-covered altar of Cheibriados.
  1817 | D:3      | Reached XP level 5. HP: 47/47 MP: 5/5
  2120 | D:4      | Noticed an ogre
  2128 | D:4      | Killed an ogre
  2128 | D:4      | Reached skill level 5 in Fighting
  2128 | D:4      | Reached skill level 4 in Dodging
  2131 | D:4      | Reached XP level 6. HP: 56/56 MP: 6/6
  2133 | D:4      | Reached *** piety under Trog
  2273 | D:4      | Got a crude whip
  2274 | D:4      | Identified the +4 whip of the Little People {pain, *Drain Int+4} (You found it on level 4 of the Dungeon)
  2568 | D:4      | Reached skill level 5 in Axes
  2894 | D:5      | Entered Level 5 of the Dungeon
  3206 | D:5      | Reached skill level 5 in Dodging
  3206 | D:5      | Your scales start taking on a rich purple colour.
  3206 | D:5      | Reached XP level 7. HP: 40/61 MP: 7/7
  3302 | D:5      | Found the +4 moon troll leather armour {Spirit, Regen++ MP+5}
  3359 | D:5      | Noticed Grinder
  3367 | D:5      | Killed Grinder
  3367 | D:5      | Reached skill level 6 in Axes
  3528 | D:5      | Reached skill level 7 in Axes
  3630 | D:5      | Found an iron altar of Okawaru.
  3742 | D:5      | Found a sparkling altar of Nemelex Xobeh.
  3766 | D:5      | Reached XP level 8. HP: 57/68 MP: 8/8
  3841 | D:5      | Found a bloodstained altar of Trog.
  3885 | D:5      | Reached **** piety under Trog
  3885 | D:5      | Reached skill level 8 in Axes
  4033 | D:5      | Found a basalt altar of Yredelemnul.
  4035 | D:5      | Found a hazy altar of Hepliaklqana.
  4456 | D:6      | Found a burning altar of Makhleb.
  4472 | D:6      | Found an opulent altar of Gozag.
  4474 | D:6      | Found Gozag's Platinum Reserve.
  4483 | D:6      | Found a white marble altar of Elyvilon.
  4539 | D:6      | Reached skill level 9 in Axes
  4575 | D:6      | HP: 13/68 [wight/morningstar of freezing (6)]
  4576 | D:6      | HP: 1/68 [wight/morningstar of freezing (9)]
  4576 | D:6      | Slain by a wight

Vault maps used:
D:1:      dpeg_arrival_caged_fury
D:2:      roderic_roman_lattice
D:3:      kb_forest_paths, fiery_altar_vehumet, tso_oasis_becter,
          cheibriados_altar_1, first_ration
D:4:      serial_bayou, serial_bayou_lake_a, serial_bayou_pond_c,
          serial_bayou_pond_d, serial_bayou_pond_d, kennysheep_generic_room_9
D:5:      nemelex_xobeh_ov_fountains_minmay, lemuel_doored_altar,
          kennysheep_little_box, gammafunk_temple_overflow_statue,
          minmay_misc_feat_nine_boxes, st_stairs_5, minmay_mini_ossuary,
          uniq_grinder
D:6:      elyvilon_altar_4, nicolae_gozag_zags_fifth_avenue, bloody_makhleb

Skill      XL: |  1  2  3  4  5  6  7  8 |
---------------+-------------------------+-----
Dodging        | 3 4 5 |  5.0
Fighting       | 4 5 |  5.0
Axes           | 4 5 7 9 |  9.4

Action                   |  1- 3 |  4- 6 |  7- 9 || total
-------------------------+-------+-------+-------++-------
Melee: Hand axe          |    86 |   155 |   190 ||   431
       Tailslap          |    18 |    15 |    29 ||    62
Invok: Berserk           |     2 |    10 |     3 ||    15
       Trog's Hand       |       |       |     2 ||     2
 Abil: Breathe Dispellin |       |       |     1 ||     1
  Use: Scroll            |       |     7 |     4 ||    11
       Potion            |       |       |     1 ||     1
 Stab: Sleeping          |       |     1 |       ||     1
  Eat: Chunk             |       |    13 |     7 ||    20
       Ration            |       |     2 |       ||     2
Armor: Skin              |    25 |    33 |    39 ||    97
Dodge: Dodged            |    42 |    83 |    97 ||   222
Block: Buckler           |       |    14 |    29 ||    43

Table legend:
 A = Spawn XP
 B = Non-spawn XP
 C = Spawn XP percentage of total XP
 D = Spawn monster count
 E = Non-spawn monster count
 F = Spawn count percentage of total count
 G = Total turns spent on level
                    A         B        C        D         E        F      G
               +---------+---------+-------+---------+---------+-------+---------
         Total |       0 |    2102 |   0.0 |       0 |     130 |   0.0 |  4576
               +---------+---------+-------+---------+---------+-------+---------
           D:1 |       0 |      86 |   0.0 |       0 |      30 |   0.0 |   436
           D:2 |       0 |      40 |   0.0 |       0 |      11 |   0.0 |   685
           D:3 |       0 |      96 |   0.0 |       0 |      17 |   0.0 |   940
           D:4 |       0 |     367 |   0.0 |       0 |      18 |   0.0 |   954
           D:5 |       0 |    1049 |   0.0 |       0 |      34 |   0.0 |  1352
           D:6 |       0 |     464 |   0.0 |       0 |      20 |   0.0 |   209
               +---------+---------+-------+---------+---------+-------+---------

Vault maps used:
D:1:      dpeg_arrival_caged_fury
D:2:      roderic_roman_lattice
D:3:      kb_forest_paths, fiery_altar_vehumet, tso_oasis_becter,
          cheibriados_altar_1, first_ration
D:4:      serial_bayou, serial_bayou_lake_a, serial_bayou_pond_c,
          serial_bayou_pond_d, serial_bayou_pond_d, kennysheep_generic_room_9
D:5:      nemelex_xobeh_ov_fountains_minmay, lemuel_doored_altar,
          kennysheep_little_box, gammafunk_temple_overflow_statue,
          minmay_misc_feat_nine_boxes, st_stairs_5, minmay_mini_ossuary,
          uniq_grinder
D:6:      elyvilon_altar_4, nicolae_gozag_zags_fifth_avenue, bloody_makhleb

Table legend:
 A = Turns spent in this place as a percentage of turns spent in the entire game.
 B = Non-inter-level travel turns spent in this place as a percentage of non-inter-level travel turns spent in the entire game.
 C = Inter-level travel turns spent in this place as a percentage of turns spent in this place.
 D = Turns resting spent in this place as a percentage of non-inter-level travel turns spent in this place.
 E = Turns spent auto-exploring this place as a percentage of non-inter-level travel turns spent in this place.
 F = Non-inter-level travel turns spent in this place divided by the number of levels of this place that you've seen.
                   A       B       C       D       E      F
               +-------+-------+-------+-------+-------+----------------------
         Total | 100.0 | 100.0 |   4.1 |   9.0 |  69.7 | 731.3
       Dungeon | 100.0 | 100.0 |   4.1 |   9.0 |  69.7 | 731.3
               +-------+-------+-------+-------+-------+----------------------

Table legend:
 A = Kills in this place as a percentage of kills in entire the game.
 B = Kills by you in this place as a percentage of kills by you in the entire game.
 C = Kills by friends in this place as a percentage of kills by friends in the entire game.
 D = Other kills in this place as a percentage of other kills in the entire game.
 E = Experience gained in this place as a percentage of experience gained in the entire game.
 F = Experience gained in this place divided by the number of levels of this place that you have seen.
                   A       B       C       D       E      F
               +-------+-------+-------+-------+-------+----------------------
         Total | 100.0 | 100.0 |   N/A |   N/A | 100.0 | 350.3
       Dungeon | 100.0 | 100.0 |   N/A |   N/A | 100.0 | 350.3
               +-------+-------+-------+-------+-------+----------------------
